 Dungeon Crawl Stone Soup version 0.21-a0-104-g7b58145 (webtiles) character file.

22 Eptagon the Conjurer (level 2, -4/15 HPs)
             Began as a Deep Elf Conjurer on July 6, 2017.
             Slain by an adder (5 damage)
             ... on level 2 of the Dungeon.
             The game lasted 00:02:49 (878 turns).

Eptagon the Conjurer (Deep Elf Conjurer)             Turns: 878, Time: 00:02:49

Health: -4/15      AC:  3    Str:  6 (7)  XL:     2   Next: 68%
Magic:  2/8        EV: 17    Int: 20 (21) God:
Gold:   45         SH:  0    Dex: 18 (20) Spells: 5/8 levels left

rFire    + . .     SeeInvis .   a - +0 short sword (elec)
rCold    . . .     Gourm    .   (no shield)
rNeg     . . .     Faith    .   k - +0 leather armour
rPois    .         Spirit   .   (helmet restricted)
rElec    .         Reflect  .   (no cloak)
rCorr    .         Harm     .   (no gloves)
MR       .....                  (no boots)
Stlth    +++.......             (no amulet)
HPRegen  0.05/turn              h - ring of protection from fire
MPRegen  0.11/turn              (no ring)

@: agile
A: horns 1, clever 1, strong 1
a: no special abilities


You were on level 2 of the Dungeon.
You were not hungry.

You visited 1 branch of the dungeon, and saw 2 of its levels.

You collected 45 gold pieces.

Inventory:

Hand Weapons
 a - a +0 short sword of electrocution (weapon)
Armour
 k - a +0 leather armour (worn)
Jewellery
 h - a ring of protection from fire (left hand)
Potions
 d - a potion of mutation
 e - a potion of agility
Books
 b - a book of Conjurations

   Spells                             Type                      Level
   a - Magic Dart                     Conjuration                  1
   b - Searing Ray                    Conjuration                  2
   c - Dazzling Spray                 Conjuration/Hexes            3
   d - Fulminant Prism                Conjuration/Hexes            4
   e - Force Lance                    Conjuration/Translocation    4
   f - Iskenderun's Mystic Blast      Conjuration                  4
Comestibles
 c - a bread ration
 f - a royal jelly
 l - a chunk of flesh


   Skills:
 - Level 2.4 Dodging
 - Level 2.4 Stealth
 + Level 3.9 Spellcasting
 + Level 4.8 Conjurations


You had 5 spell levels left.
You knew the following spells:

 Your Spells              Type           Power        Failure   Level  Hunger
a - Magic Dart            Conj           ###.         2%          1    None
b - Searing Ray           Conj           ###...       4%          2    ##.....


Dungeon Overview and Level Annotations

Branches:
Dungeon (2/15)

Altars:

Annotations:
D:2 Sigmund


Innate Abilities, Weirdness & Mutations

You have a pair of small horns on your head.
Your mind is acute. (Int +2)
Your muscles are strong. (Str +2)


Message History

It was a potion of degeneration.
There was something very wrong with that liquid.
You feel weakened.
You feel dopey.
You feel clumsy. The adder completely misses you. The rat closely misses you.
The adder closely misses you.
Okay, then.
You aren't carrying any items that you can evoke.
As you read the scroll labeled MIUCOA MOMY, it crumbles to dust.
You feel blessed for a moment.
It was a scroll of remove curse.
Sigmund gestures wildly while chanting.
Sigmund flickers and vanishes!
Deactivating autopickup; reactivate with Ctrl-A.
The adder bites you.
* * * LOW HITPOINT WARNING * * *
The rat closely misses you.
As you read the scroll labeled YCKUIB HOMUAR, it crumbles to dust.
It is a scroll of identify.
You don't have any unidentified items.
The adder bites you.
You die...

####### ....... ########
....... ########......#
..<.... ..............#
...$... ..............#
...)...
..............######.......
..............[.@S{†.......
.................r.........
##########.................
########...################
'......#...# ##..>###...#
##...'.'...# ##...###...#
.'...##....#


You could see an adder and a rat.

Vanquished Creatures
  2 dart slugs (D:1)
  A leopard gecko (D:2)
  3 giant cockroaches
  A hobgoblin (D:2)
  2 bats (D:2)
  3 goblins
  3 kobolds
  3 rats
18 creatures vanquished.

Notes
Turn   | Place    | Note
-------+----------+-------------------------------------------
     0 | D:1      | Eptagon the Deep Elf Conjurer began the quest for the Orb.
     0 | D:1      | Reached XP level 1. HP: 10/10 MP: 6/6
   156 | D:1      | Reached XP level 2. HP: 15/15 MP: 5/8
   674 | D:2      | Learned a level 2 spell: Searing Ray
   780 | D:2      | Found a faded altar of an unknown god.
   872 | D:2      | Noticed Sigmund
   874 | D:2      | Gained mutation: You have a pair of small horns on your head. [potion of mutation]
   874 | D:2      | Gained mutation: Your muscles are strong. (Str +2) [potion of mutation]
   874 | D:2      | Gained mutation: Your mind is acute. (Int +2) [potion of mutation]
   878 | D:2      | Slain by an adder

Vault maps used:
D:1:      dpeg_arrival_rooms_a
D:2:      grunt_gozag_breadcrumbs, chequers_ecumenical_altar_simple_redux,
          wad_floor_pattern_untrapped, uniq_sigmund

Action                   || total
-------------------------++-------
Melee: Short sword       ||     4
 Cast: Magic Dart        ||    26
       Searing Ray       ||     1
  Use: Potion            ||     3
       Scroll            ||     2
 Stab: Sleeping          ||     1
Armor: Leather armour    ||     4
Dodge: Dodged            ||    14
